 Dungeon Crawl Stone Soup version 0.19.1-1-g22dce08 (webtiles) character file.

1262 galech the Ruffian (level 8, -2/75 HPs)
             Began as a Troll Fighter on Jan 4, 2017.
             Was a Follower of Okawaru.
             Slain by a killer bee (5 damage)
             ... on level 5 of the Dungeon.
             The game lasted 00:07:59 (3056 turns).

galech the Ruffian (Troll Fighter)                  Turns: 3056, Time: 00:08:00

Health: -2/75      AC:  6    Str: 27    XL:     8   Next: 27%
Magic:  7/7        EV: 10    Int:  4    God:    Okawaru [*.....]
Gold:   136        SH: 10    Dex: 12    Spells: 0 memorised, 7 levels left

rFire  . . .     SeeInvis .       - Unarmed
rCold  . . .     Gourm    +     a - +0 robe
rNeg   . . .     Faith    .     b - +0 shield
rPois  .         Spirit   .     (helmet restricted)
rElec  .         Reflect  .     h - +0 cloak
rCorr  .         Harm     .     (gloves unavailable)
MR     .....                    (boots unavailable)
Stlth  ++........               (no amulet)
                                (no ring)
                                i - +3 ring of dexterity

@: lethally poisoned (-2 -> -3)
A: unfitting armour, claws 3, fast metabolism 3, gourmand, regeneration 1,
shaggy fur 1, tough skin 2
a: Heroism, Renounce Religion


You were on level 5 of the Dungeon.
You worshipped Okawaru.
Okawaru was aware of your devotion.
You were not hungry.

You visited 2 branches of the dungeon, and saw 6 of its levels.
You also visited: Ossuary.

You collected 136 gold pieces.

Inventory:

Armour
 a - a +0 robe (worn)
 b - a +0 shield (worn)
 h - a +0 cloak (worn)
Jewellery
 i - a +3 ring of dexterity (left claw)
Scrolls
 e - 2 scrolls of fog {unknown}
 g - 8 scrolls of identify {unknown}
 j - 4 scrolls of remove curse {unknown}
 l - a scroll of enchant weapon {unknown}
 m - 5 scrolls of blinking {unknown}
 n - 2 scrolls of amnesia {unknown}
 q - 2 scrolls of teleportation {unknown}
 v - 2 scrolls of magic mapping {unknown}
 y - a scroll of silence {unknown}
 z - a scroll of recharging {unknown}
Potions
 c - 4 potions of might
 f - a potion of cancellation {unknown}
 o - a potion of lignification {unknown}
 p - 2 potions of invisibility {unknown}
 r - a potion of heal wounds {unknown}
 t - a potion of agility {unknown}
 u - 4 potions of brilliance {unknown}
 x - 2 potions of curing {unknown}
 A - a potion of haste {unknown}
Books
 B - a book of Debilitation

   Spells                             Type                      Level
   a - Corona                         Hexes                        1
   b - Slow                           Hexes                        2
   c - Gell's Gravitas                Hexes/Translocation          3
   d - Inner Flame                    Hexes/Fire                   3
   e - Cause Fear                     Hexes                        4
   f - Leda's Liquefaction            Hexes/Earth                  4
Comestibles
 d - 4 bread rations
 k - 4 fruits
 s - 4 meat rations
 w - a royal jelly


   Skills:
 + Level 3.2 Fighting
 + Level 4.4 Dodging
 + Level 1.0 Stealth
 + Level 4.2 Shields
 + Level 7.4 Unarmed Combat


You had 7 spell levels left.
You didn't know any spells.

Dungeon Overview and Level Annotations

Branches:
Dungeon (5/15)             Temple (1/1) D:4

Altars:
Ashenzari
Cheibriados
Dithmenos
Elyvilon
Fedhas
Gozag
Hepliaklqana
Kikubaaqudgha
Makhleb
Nemelex Xobeh
Okawaru
Qazlal
Ru
Sif Muna
Trog
Uskayaw
Vehumet
Xom
Yredelemnul
Zin
The Shining One

Annotations:
D:5 Prince Ribbit


Innate Abilities, Weirdness & Mutations

You are too large for most types of armour.
You have claws for hands.
Your metabolism is lightning-fast.
You like to eat raw meat.
Your natural rate of healing is unusually fast.
You are covered in fur. (AC +1)
You have very tough skin. (AC +2)


Message History

You are too injured to fight recklessly!
You are too injured to fight recklessly!
You are too injured to fight recklessly!
You are too injured to fight recklessly!
You are too injured to fight recklessly!
You are too injured to fight recklessly!
You are too injured to fight recklessly!
You are too injured to fight recklessly!
You are too injured to fight recklessly!
You are too injured to fight recklessly!
You are too injured to fight recklessly!
You feel sick. You block the killer bee's attack. x2
The killer bee completely misses you. The killer bee barely misses you.
You feel sick. The killer bee closely misses you. x2
Prince Ribbit barely misses you.
You feel sick. You block the killer bee's attack. Prince Ribbit hits you!
* * * LOW HITPOINT WARNING * * *
You block the killer bee's attack. The killer bee closely misses you.
The killer bee stings you.
You die...

.#.# #....###.# #...#.#...#.###.#
'#.#####......# #.............#.#
......##...#### #...###...#.#.#
......##...#### #...##....#.#.###
......##......###...##....#.#.#..
......##.......##...##..#.#.#.#.#
#..##.....#....##...'....>#.#...#
#..##.##.#.....#....##....#.###.#
#......#.#.....#@##.###.#.#.###.#
.......#.#....yyy##.###.#.#[..###
(........#.....F..#..............
.....#.###......###.###(#.#.#####
.......# ##.#.......#...#...#
#####.#####......##.#.#######
...†.......####.....#........
...........####........###.##
.........................^...


You could see Prince Ribbit and 3 killer bees.

Vanquished Creatures
  A hippogriff (D:4)
  Menkaure (Ossuary)
  An ice beast (D:5)
  A phantom (D:4)
  An ogre (D:4)
  2 scorpions
  3 killer bees (D:5)
  A hound (D:5)
  2 orc priests (D:3)
  Jessica (D:2)
  Terence (D:2)
  Natasha (D:2)
  An iguana (D:4)
  2 orc wizards (D:3)
  4 worker ants
  3 mummies (Ossuary)
  5 adders
  An adder skeleton (D:5)
  3 worms (D:3)
  3 dart slugs
  2 leopard geckos
  9 orcs
  2 giant cockroaches
  2 goblins
  10 hobgoblins
  2 quokkas
  A ball python (D:3)
  11 bats
  4 frilled lizards
  A gnoll skeleton (Ossuary)
  4 gnoll zombies (Ossuary)
  4 goblin skeletons (Ossuary)
  3 goblin zombies (Ossuary)
  2 hobgoblin skeletons (Ossuary)
  4 hobgoblin zombies (Ossuary)
  4 kobolds
  A kobold skeleton (Ossuary)
  3 kobold zombies (Ossuary)
  2 leopard gecko skeletons
  3 orc skeletons (Ossuary)
  3 orc zombies (Ossuary)
  A quokka skeleton (D:4)
  8 rats
  4 rat skeletons (Ossuary)
  A rat zombie (Ossuary)
129 creatures vanquished.

Vanquished Creatures (others)
  3 goblin skeletons (Ossuary)
  A goblin zombie (Ossuary)
  3 hobgoblin skeletons (Ossuary)
  A kobold skeleton (Ossuary)
  3 kobold zombies (Ossuary)
  2 orc skeletons (Ossuary)
  An orc zombie (Ossuary)
  A rat skeleton (Ossuary)
  2 rat zombies (Ossuary)
17 creatures vanquished.

Grand Total: 146 creatures vanquished

Notes
Turn   | Place    | Note
-------+----------+-------------------------------------------
     0 | D:1      | galech the Troll Fighter began the quest for the Orb.
     0 | D:1      | Reached XP level 1. HP: 22/22 MP: 0/0
   156 | D:1      | Reached XP level 2. HP: 29/29 MP: 1/1
   672 | D:2      | Noticed Jessica
   676 | D:2      | Killed Jessica
   676 | D:2      | Reached XP level 3. HP: 34/36 MP: 2/2
   693 | D:2      | Noticed Terence
   700 | D:2      | Killed Terence
   700 | D:2      | Reached XP level 4. HP: 27/44 MP: 3/3
   944 | D:2      | Noticed Natasha
   954 | D:2      | Killed Natasha
   954 | D:2      | Reached skill level 3 in Unarmed Combat
  1079 | D:2      | You fall through a shaft!
  1142 | D:3      | Reached XP level 5. HP: 52/52 MP: 4/4
  1386 | D:3      | Found a sacrificial altar of Ru.
  1472 | D:3      | Reached XP level 6. HP: 61/61 MP: 5/5
  1634 | D:3      | Reached skill level 4 in Unarmed Combat
  1812 | D:4      | Noticed a hippogriff
  1849 | D:4      | Killed a hippogriff
  1849 | D:4      | Reached skill level 5 in Unarmed Combat
  1849 | D:4      | Reached XP level 7. HP: 7/67 MP: 6/6
  2156 | D:4      | Found a staircase to the Ecumenical Temple.
  2161 | Temple   | Entered the Ecumenical Temple
  2312 | Temple   | Became a worshipper of Warmaster Okawaru
  2387 | D:5      | Entered Level 5 of the Dungeon
  2414 | D:5      | Found a sand-covered staircase.
  2422 | Ossuary  | Entered an ossuary
  2655 | Ossuary  | Noticed Menkaure
  2658 | Ossuary  | Reached skill level 6 in Unarmed Combat
  2660 | Ossuary  | Killed Menkaure
  2919 | D:5      | Reached XP level 8. HP: 69/75 MP: 7/7
  3024 | D:5      | Reached * piety under Okawaru
  3024 | D:5      | Reached skill level 1 in Stealth
  3024 | D:5      | Reached skill level 7 in Unarmed Combat
  3035 | D:5      | Noticed Prince Ribbit
  3055 | D:5      | HP: 3/75 [Prince Ribbit (8)]
  3056 | D:5      | Slain by a killer bee

Skill      XL: |  1  2  3  4  5  6  7  8 |
---------------+-------------------------+-----
Dodging        | 3 4 |  4.4
Shields        | 3 4 |  4.2
Unarmed Combat | 3 5 6 7 |  7.4
Fighting       | 3 |  3.2
Stealth        | 1 |  1.0

Action                   |  1- 3 |  4- 6 |  7- 9 || total
-------------------------+-------+-------+-------++-------
Melee: Unarmed           |    65 |   170 |   147 ||   382
 Stab: Sleeping          |       |     2 |     3 ||     5
  Eat: Chunk             |    12 |    10 |     7 ||    29
Armor: Robe              |    17 |    58 |    28 ||   103
Dodge: Dodged            |    15 |    46 |    41 ||   102
Block: Shield            |    26 |    83 |    68 ||   177
